 Dungeon Crawl Stone Soup version 0.17-a0-764-gd40c196 (webtiles) character file.

322 inmateoo the Grave Robber (level 6, -7/32 HPs)
             Began as a Vine Stalker Necromancer on Apr 23, 2015.
             Mangled by a centaur (8 damage)
             ... on level 5 of the Dungeon.
             The game lasted 00:08:16 (2714 turns).

inmateoo the Grave Robber (VSNe)                    Turns: 2714, Time: 00:08:17

Health: -7/32      AC:  4    Str: 11    XL:     6   Next: 47%
Magic:  0/11       EV: 13    Int: 15    God:
Gold:   200        SH:  0    Dex: 14    Spells: 3 memorised, 3 levels left

rFire  . . .     SeeInvis .     p - +1 dagger
rCold  . . .     Clarity  .     a - +0 robe
rNeg   . . .     SustAb   +     (no shield)
rPois  .         Gourm    .     (no helmet)
rElec  .         Spirit   +     j - +0 cloak
rCorr  .         Warding  .     (no gloves)
rMut   .         Stasis   .     (no boots)
MR     .....                    (no amulet)
Stlth  +++.......               t - ring of sustain abilities
                                h - ring of stealth

@: not resistant to hostile enchantments, fairly stealthy
A: fangs 2, dopey 1, regeneration 2, shaggy fur 1, magic shield, antimagic bite,
no device heal 3, rot immunity, placid magic 2
a: no special abilities


You were on level 5 of the Dungeon.
You were hungry.

You visited 1 branch of the dungeon, and saw 5 of its levels.

You collected 200 gold pieces.

Inventory:

Hand weapons
 m - a +0 long sword
 p - a +1 dagger (weapon)
Missiles
 f - 4 tomahawks (quivered)
 g - 2 curare-tipped needles
 n - a throwing net
 q - 4 javelins of returning
Armour
 a - a +0 robe (worn)
 j - a +0 cloak (worn)
Jewellery
 h - a ring of stealth (left hand)
 t - a ring of sustain abilities (right hand)
Magical devices
 e - a wand of teleportation (5)
 u - a wand of enslavement (11)
Potions
 l - a potion of curing
 o - 2 potions of flight
 r - 2 potions of restore abilities
Books
 b - a book of Necromancy

   Spells                             Type                      Level
   a - Pain                           Necromancy                   1
   b - Animate Skeleton               Necromancy                   1
   c - Vampiric Draining              Necromancy                   3
   d - Regeneration                   Charms/Necromancy            3
   e - Animate Dead                   Necromancy                   4
   f - Control Undead                 Necromancy                   4
 d - a book of Debilitation

   Spells                             Type                      Level
   a - Corona                         Hexes                        1
   b - Slow                           Hexes                        2
   c - Gell's Gravitas                Hexes/Translocation          3
   d - Inner Flame                    Hexes/Fire                   3
   e - Cause Fear                     Hexes                        4
   f - Leda's Liquefaction            Hexes/Earth                  4
 s - a book of Death

   Spells                             Type                      Level
   a - Corpse Rot                     Necromancy                   2
   b - Sublimation of Blood           Necromancy                   2
   c - Agony                          Necromancy                   5
   d - Dispel Undead                  Necromancy                   5
   e - Excruciating Wounds            Charms/Necromancy            5
   f - Bolt of Draining               Conjuration/Necromancy       5
 w - a book of Enchantments

   Spells                             Type                      Level
   a - Cause Fear                     Hexes                        4
   b - Silence                        Hexes/Air                    5
   c - Deflect Missiles               Charms/Air                   6
   d - Haste                          Charms                       6
   e - Discord                        Hexes                        8
Comestibles
 c - 4 bread rations


   Skills:
 * Level 3.3 Fighting
 + Level 1.1 Short Blades
 + Level 2.5 Dodging
 + Level 3.8 Stealth
 + Level 2.9 Spellcasting
 * Level 4.7 Necromancy


You had 3 spell levels left.
You knew the following spells:

 Your Spells              Type           Power        Failure   Level  Hunger
a - Pain                  Necr           #...         1%          1    #......
b - Vampiric Draining     Necr           #.........   1%          3    ###....
c - Regeneration          Chrm/Necr      #.........   6%          3    ###....


Dungeon Overview and Level Annotations

Branches:
Dungeon (5/15)
 Temple: D:4-7

Altars:

Annotations:
D:1 1 runed door
D:3 Baka's ghost, average GrBe; Sigmund


Innate Abilities, Weirdness & Mutations

You have extremely sharp teeth.
You heal very quickly.
You are covered in fur (AC +1).
When hurt, damage is shared between your health and your magic reserves.
Your bite disrupts and absorbs the magic of your enemies.
Potions and wands cannot restore your health.
You are immune to rotting.
You are dopey. (Int -2)
Your spells are easier to cast, but less powerful.


Message History

Unknown command.
Unknown command.
You hit the centaur. You bite the centaur. You drain its power.
You feel invigorated.
The centaur is severely wounded.
The centaur hits you but does no damage. x2
Unknown command.
Unknown command.
You hit the centaur.
The centaur is almost dead.
The centaur hits you.
* * * LOW HITPOINT WARNING * * *
Unknown command.
Unknown command.
You hit the centaur.
The centaur is almost dead.
The centaur hits you.
* * * LOW HITPOINT WARNING * * *
The centaur hits you!
You die...

##.#. .##..#.####
.......... ##.......# .#
..........# .g
#........####.#
#........#....# ##
#......#...#####..# #
..........gc@.....#
............#..########
...............#
...............#
...........##.<####
[.........##......######
.........# #...........#
#........###...........#
...g..<................#


You could see a centaur and a goblin.

Vanquished Creatures
  A centaur zombie (D:5)
  2 iguanas (D:5)
  A hound (D:5)
  2 worker ants (D:4)
  7 adders
  3 gnolls (D:3)
  A shadow imp (D:5)
  2 worms (D:2)
  A giant gecko (D:2)
  3 orcs
  3 giant cockroaches
  5 hobgoblins
  9 kobolds
  5 quokkas
  2 ball pythons
  8 bats
  4 giant newts
  7 goblins
  7 rats
73 creatures vanquished.

Notes
Turn   | Place    | Note
--------------------------------------------------------------
     0 | D:1      | inmateoo, the Vine Stalker Necromancer, began the quest for the Orb.
     0 | D:1      | Reached XP level 1. HP: 9/9 MP: 4/4
     2 | D:1      | Found a runed door.
   174 | D:1      | Reached XP level 2. HP: 14/14 MP: 3/6
   224 | D:1      | Reached skill level 1 in Fighting
   617 | D:1      | Noticed a jelly
   650 | D:2      | Reached XP level 3. HP: 12/18 MP: 0/7
   655 | D:2      | Learned a level 3 spell: Vampiric Draining
   901 | D:2      | Reached XP level 4. HP: 21/23 MP: 5/8
   912 | D:2      | Learned a level 3 spell: Regeneration
  1308 | D:3      | Noticed Baka's ghost (average GrBe)
  1787 | D:4      | Reached XP level 5. HP: 5/27 MP: 1/9
  2006 | D:4      | Noticed a phantom
  2431 | D:3      | Noticed Sigmund
  2493 | D:5      | Entered Level 5 of the Dungeon
  2503 | D:5      | Gained mutation: Your spells are a little easier to cast, but a little less powerful. [potion of mutation]
  2503 | D:5      | Gained mutation: Your spells are easier to cast, but less powerful. [potion of mutation]
  2503 | D:5      | Gained mutation: You are dopey. (Int -2) [potion of mutation]
  2507 | D:5      | Gained mutation: You heal very quickly. [Vine Stalker growth]
  2507 | D:5      | Reached XP level 6. HP: 24/32 MP: 11/11
  2511 | D:5      | Reached skill level 1 in Short Blades
  2595 | D:5      | Noticed an ice beast
  2596 | D:5      | Noticed a centaur
  2714 | D:5      | HP: 1/32 [centaur (1)]
  2714 | D:5      | Mangled by a centaur

Action                   |  1- 3 |  4- 6 || total
-------------------------+-------+-------++-------
Melee: Unarmed           |    34 |       ||    34
       Dagger            |       |   194 ||   194
Throw: Tomahawk          |       |     3 ||     3
 Cast: Pain              |    48 |    29 ||    77
       Vampiric Draining |       |     6 ||     6
       Regeneration      |       |     5 ||     5
  Use: Scroll            |       |     9 ||     9
       Potion            |       |     6 ||     6
 Stab: Sleeping          |       |     7 ||     7
  Eat: Chunk             |       |     6 ||     6
       Beef jerky        |       |     1 ||     1
